 Dungeon Crawl Stone Soup version 0.29.1-15-g9cfb28693d (webtiles) character file.

Game seed: 18071306051932515551

2337 growler the Martial Artist (level 9, -5/84 HPs)
             Began as a Green Draconian Transmuter on Mar 6, 2023.
             Slain by a seven-headed hydra (10 damage)
             ... on level 7 of the Dungeon.
             The game lasted 00:20:01 (7165 turns).

growler the Martial Artist (DrTm)                   Turns: 7165, Time: 00:20:01

Health: -5/84      AC:  6    Str: 12    XL:     9   Next: 19%
Magic:  11/15      EV: 14    Int: 15    God:
Gold:   345        SH:  0    Dex: 15    Spells: 6/16 levels left

rFire   x . .      SeeInvis .     - Unarmed
rCold   + + +      Faith    .   (shield currently unavailable)
rNeg    . . .      Spirit   .   (body armour unavailable)
rPois   +          Reflect  .   (helmet currently unavailable)
rElec   .          Harm     .   (cloak currently unavailable)
rCorr   .          Rampage  .   (gloves currently unavailable)
Will    .....                   (boots currently unavailable)
Stlth   +.........              (no amulet)
HPRegen 0.24/turn               e - +4 ring of evasion
MPRegen 0.14/turn               i - ring of flight

@: about to teleport, ice-form, flying
A: freezing attack, amphibious, boosted hp, (breathe noxious fumes), AC +7,
large, unfitting armour, (poison resistance), (cold-blooded)
a: End Transformation


You were on level 7 of the Dungeon.
You were a creature of crystalline ice.
You visited 2 branches of the dungeon, and saw 8 of its levels.

You collected 412 gold pieces.
You spent 67 gold pieces at shops.

Inventory:

Missiles
 s - a throwing net
Armour
 l - a +2 pair of gloves (melded)
 p - a +0 cloak (melded)
Jewellery
 e - a +4 ring of evasion (left front paw)
 i - a ring of flight (right front paw)
 r - a +6 ring of dexterity
 v - an amulet of magic regeneration
Wands
 o - a wand of iceblast (17)
 u - a wand of light (4)
Scrolls
 b - 5 scrolls of identify
 c - 2 scrolls of teleportation
 d - 3 scrolls of noise {unknown}
 n - a scroll of fog {unknown}
 q - a scroll of enchant weapon {unknown}
 w - a scroll of immolation {unknown}
Potions
 a - a potion of curing
 f - a potion of magic
 g - a potion of invisibility {unknown}
 h - 2 potions of attraction
 j - 2 potions of haste
 k - 2 potions of degeneration
 m - a potion of might
 t - a potion of heal wounds


   Skills:
 + Level 3.2 Fighting
 - Level 1.7 Dodging
 + Level 10.4 Unarmed Combat
 - Level 4.0 Spellcasting
 + Level 5.0 Transmutations
 + Level 2.6 Ice Magic


You had 6 spell levels left.
You knew the following spells:

 Your Spells              Type           Power      Damage    Failure   Level
a - Beastly Appendage     Tmut           36%        N/A       2%          1
b - Wereblood             Tmut           18%        N/A       3%          2
c - Spider Form           Tmut/Pois      10%        N/A       19%         3
d - Ice Form              Ice/Tmut       14%        N/A       36%         4

Your spell library contained the following spells:

 Spells                   Type           Power      Damage    Failure   Level
 Ensorcelled Hibernation  Hex/Ice        12%        N/A       16%         2
 Apportation              Tloc           6%         N/A       19%         1
 Necrotise                Necr           12%        1d4       19%         1
 Summon Small Mammal      Summ           12%        N/A       19%         1
 Portal Projectile        Hex/Tloc       6%         N/A       47%         3
 Tukima's Dance           Hex            3%         N/A       47%         3
 Blade Hands              Tmut           9%         N/A       54%         5
 Anguish                  Hex/Necr       1%         N/A       87%         4
 Summon Forest            Summ/Tloc      1%         N/A       99%         5
 Eringya's Noxious Bog    Tmut/Pois      5%         N/A       100%        6
 Summon Hydra             Summ           1%         N/A       100%        7


Dungeon Overview and Level Annotations

Branches:
Dungeon (7/15)             Temple (1/1) D:6

Altars:
Ashenzari
Dithmenos
Elyvilon
Fedhas
Gozag
Hepliaklqana
Kikubaaqudgha
Makhleb
Nemelex Xobeh
Okawaru
Qazlal
Ru
Sif Muna
Trog
Uskayaw
Vehumet
Xom
Yredelemnul

Shops:
D:5 [


Innate Abilities, Weirdness & Mutations

You are a creature of crystalline ice.
You have a powerful freezing melee attack.
You are amphibious.
Your maximum health is increased.
Your armour is entirely melded.
You are incapable of wielding weapons or throwing items.
((You can breathe blasts of noxious fumes.))
((Your lurid green scales are hard. (AC +7)))
You cannot fit into any form of body armour.
((Your system is resistant to poisons. (rPois)))
((You are cold-blooded and may be slowed by cold attacks.))


Message History

There is a stone staircase leading up here.
You fly upwards.
There is a stone staircase leading down here.
You start resting.
HP restored.
Casting: Spider Form (dangerous; 19% risk of failure)
Confirm with . or Enter, or press ? or * to list all spells.
The spell is quite dangerous to miscast (36% risk of failure)!
Continue anyway?
You turn into a creature of crystalline ice.
Your +0 cloak melds into your body.
Your +2 pair of gloves melds into your body.
You fly downwards.
The orc warrior closely misses you.
The seven-headed hydra bites you but does no damage.
The seven-headed hydra bites you.
The seven-headed hydra closely misses you.
The seven-headed hydra barely misses you.
The seven-headed hydra bites you but does no damage.
The seven-headed hydra barely misses you.
The seven-headed hydra bites you!
There is a stone staircase leading up here.
You punch the seven-headed hydra! You freeze the seven-headed hydra.
The seven-headed hydra is lightly wounded.
The orc warrior barely misses you. The seven-headed hydra bites you!
The seven-headed hydra bites you. The seven-headed hydra bites you! x2
The seven-headed hydra closely misses you.
The seven-headed hydra bites you.
The seven-headed hydra closely misses you.
Okay, then.
As you read the scroll of teleportation, it crumbles to dust.
You feel strangely unstable.
The orc warrior hits you with a +0 short sword!
The seven-headed hydra barely misses you. x2
The seven-headed hydra bites you.
* * * LOW HITPOINT WARNING * * *
The seven-headed hydra bites you!
* * * LOW HITPOINT WARNING * * *
The seven-headed hydra bites you!
* * * LOW HITPOINT WARNING * * *
The seven-headed hydra bites you!
You die...

...............#######
.....#.###...........#
.......# #####(#####.#
.......# #.# #.#
..#...... #.# #.#
.......... #.#####.#
..........####.#.....#
.###'###............###
## ##..###..Y.....# #
..# ..###.oD..#.# ..
#.# #....##.# ..#.#
#.#.###.#
#.#.###.#.....#
#'.......#####
#.#.###.#.# #.###.#.#
##.D...#.#


You could see a seven-headed hydra and an orc warrior.

Vanquished Creatures
  A cyclops (D:7)
  A troll (D:7)
  A vampire mosquito (D:7)
  An acid dragon (D:7)
  A water moccasin (D:6)
  A sky beast (D:7)
  An orc warrior (D:7)
  2 kobold brigands (D:7)
  A bullfrog (D:7)
  2 necrophages
  3 scorpions
  A howler monkey (D:7)
  A jelly (D:7)
  3 orc priests
  4 hounds
  A gnoll bouda (D:4)
  2 iguanas
  3 orc wizards
  3 gnolls (D:4)
  11 adders
  4 white imps
  2 ufetubi
  5 worms
  4 dart slugs
  16 orcs
  3 ball pythons
  7 bats
  12 endoplasms
  3 giant cockroaches
  5 goblins
  5 hobgoblins
  7 quokkas
  2 frilled lizards (D:3)
  9 kobolds
  8 rats
  A toadstool (D:1)
137 creatures vanquished.

Vanquished Creatures (others)
  An orc (D:3)
  3 toadstools (D:1)
4 creatures vanquished.

Grand Total: 141 creatures vanquished

Notes
Turn   | Place    | Note
-------+----------+-------------------------------------------
     0 | D:1      | growler the Draconian Transmuter began the quest for the
                  | Orb.
     0 | D:1      | Reached XP level 1. HP: 16/16 MP: 3/3
   111 | D:1      | Reached XP level 2. HP: 18/23 MP: 3/5
   221 | D:1      | Learned a level 2 spell: Wereblood
   751 | D:2      | Found a faded altar of an unknown god.
   856 | D:2      | Reached XP level 3. HP: 27/28 MP: 6/6
   860 | D:2      | Learned a level 3 spell: Spider Form
   871 | D:2      | Identified the +5 mace "Ownaitz" {flame, rPois rN+ Int+2}
  1613 | D:3      | Found a stormy altar of Qazlal.
  1624 | D:3      | Reached XP level 4. HP: 16/35 MP: 6/8
  2236 | D:3      | Reached skill level 4 in Unarmed Combat
  2859 | D:4      | Noticed a scorpion
  2876 | D:3      | Killed a scorpion
  2877 | D:3      | Reached XP level 5. HP: 12/40 MP: 9/9
  3256 | D:4      | Reached skill level 5 in Unarmed Combat
  3474 | D:4      | Reached XP level 6. HP: 29/47 MP: 5/10
  3622 | D:4      | Learned a level 4 spell: Ice Form
  3998 | D:5      | Entered Level 5 of the Dungeon
  4040 | D:5      | Reached skill level 6 in Unarmed Combat
  4055 | D:5      | Identified the +3 leather armour of the Great Game {rPois
                  | Will- Regen+ Dex-5}
  4084 | D:5      | Found Owkitar's Armour Shoppe.
  4148 | D:5      | Bought a +0 cloak for 67 gold pieces
  4692 | D:6      | Noticed a water moccasin
  4710 | D:6      | Killed a water moccasin
  4711 | D:6      | Reached skill level 7 in Unarmed Combat
  4711 | D:6      | Your scales start taking on a lurid green colour.
  4711 | D:6      | Reached XP level 7. HP: 30/52 MP: 11/11
  4711 | D:6      | Gained mutation: Your system is resistant to poisons.
                  | (rPois) [Green Draconian growth]
  4902 | D:6      | Found a white marble altar of Elyvilon.
  4985 | D:6      | Found a broken altar of Ashenzari.
  5053 | D:6      | Found a staircase to the Ecumenical Temple.
  5071 | Temple   | Entered the Ecumenical Temple
  5258 | D:6      | Reached skill level 8 in Unarmed Combat
  5904 | D:7      | Reached skill level 9 in Unarmed Combat
  5904 | D:7      | Reached XP level 8. HP: 26/59 MP: 9/12
  6393 | D:7      | Noticed a seven-headed hydra
  6542 | D:7      | Noticed a troll
  6543 | D:7      | Reached skill level 10 in Unarmed Combat
  6555 | D:7      | Killed a troll
  6556 | D:7      | Reached skill level 1 in Ice Magic
  6758 | D:7      | Noticed a cyclops
  6775 | D:7      | Killed a cyclops
  6776 | D:7      | Reached XP level 9. HP: 52/68 MP: 11/14
  6921 | D:7      | Reached skill level 5 in Transmutations
  7165 | D:7      | Slain by a seven-headed hydra

Illustrated notes

Levels and vault maps discovered:
D:1:      ldierk_water_garden, layout_rooms
D:2:      layout_basic, hellmonk_ecumenical_altar_run_dry, grunt_ministairs_12
D:3:      layout_basic, nicolae_qazlal_scattered_showers
D:4:      layout_gridville
D:5:      layout_cave_pools, serial_shops, shop
D:6:      layout_loops_ring, nicolae_elyvilon_peaceful_grove,
          nicolae_ashenzari_panopticon, minmay_temple_entry_sparse_star
D:7:      minmay_the_grid_octo_2x2 [minmay_the_grid_octo_teeth,
          minmay_the_grid_octo_empty, minmay_the_grid_octo_pinwheel,
          minmay_the_grid_octo_prize_star], layout_loops_ring,
          lightli_ossuary_entry_decrepit_ruins, uniq_crazy_yiuf_cottage
Temple:   hellmonk_temple_two_chambers

Skill      XL: |  1  2  3  4  5  6  7  8  9 |
---------------+----------------------------+-----
Transmutations | 3 4 5 |  5.0
Spellcasting   | 3 4 |  4.0
Unarmed Combat | 4 5 7 9 10 | 10.4
Ice Magic      | 2 |  2.6
Fighting       | 2 3 |  3.2
Dodging        | |  1.7

Action                   |  1- 3 |  4- 6 |  7- 9 || total
-------------------------+-------+-------+-------++-------
Melee: Unarmed           |   144 |   193 |   157 ||   494
       Headbutt          |     5 |    19 |     7 ||    31
       Kick              |     9 |    35 |    10 ||    54
       Tailslap          |    10 |    18 |    20 ||    48
       Punch             |       |     4 |     5 ||     9
 Cast: Beastly Appendage |     7 |    24 |     4 ||    35
       Wereblood         |       |     3 |     2 ||     5
       Spider Form       |       |     2 |     6 ||     8
       Ice Form          |       |       |     1 ||     1
 Abil: Breathe Noxious F |       |       |     3 ||     3
Evoke: Wand              |       |       |     1 ||     1
  Use: Scroll            |       |    11 |     1 ||    12
       Potion            |       |     1 |     2 ||     3
 Stab: Sleeping          |     4 |       |     1 ||     5
       Confused          |       |       |     4 ||     4
Armor: Skin              |    44 |    62 |    33 ||   139
Dodge: Dodged            |    78 |   168 |   123 ||   369
